 Dungeon Crawl Stone Soup version 0.21-a0-1-gaf3b9a5 (webtiles) character file.

455 MTVSty1e the Skirmisher (level 7, -6/56 HPs)
             Began as a Formicid Fighter on May 20, 2017.
             Blown up by Ijyb (19 damage)
             ... with a wand of disintegration (?/24)
             ... on level 3 of the Dungeon.
             The game lasted 00:04:28 (2773 turns).

MTVSty1e the Skirmisher (Formicid Fighter)          Turns: 2773, Time: 00:04:29

Health: -6/56      AC: 11    Str: 22    XL:     7   Next: 26%
Magic:  7/7        EV:  9    Int:  8    God:
Gold:   146        SH:  9    Dex:  7    Spells: 6/6 levels left

rFire    . . .     SeeInvis +   a - +0 war axe
rCold    . . .     Gourm    .   c - +0 shield
rNeg     . . .     Faith    .   b - +0 scale mail
rPois    .         Spirit   .   (helmet unavailable)
rElec    .         Reflect  .   (no cloak)
rCorr    .         Harm     .   j - +0 pair of gloves
MR       .....                  m - +2 pair of boots
Stlth    ..........             (no amulet)
Regen    0.2/turn               q - -3 ring of dexterity
MPRegen  0.1/turn               (no ring)

@: no status effects
A: permanent stasis, dig shafts and tunnels, four strong arms, antennae 3
a: Dig, Shaft Self


You were on level 3 of the Dungeon.
You were not hungry.

You visited 1 branch of the dungeon, and saw 3 of its levels.

You collected 146 gold pieces.

Inventory:

Hand Weapons
 a - a +0 war axe (weapon)
 e - a +0 falchion of holy wrath
Armour
 b - a +0 scale mail (worn)
 c - a +0 shield (worn)
 j - a +0 pair of gloves (worn)
 m - a +2 pair of boots (worn)
Jewellery
 q - a -3 ring of dexterity (left hand)
Potions
 d - 2 potions of agility {unknown}
 f - 4 potions of curing
 g - a potion of lignification {unknown}
 h - 2 potions of heal wounds {unknown}
Comestibles
 i - 3 fruits
 l - 2 bread rations


   Skills:
 * Level 5.5 Fighting
 + Level 3.5 Axes
 + Level 4.5 Armour
 + Level 2.1 Dodging
 + Level 5.0 Shields


You had 6 spell levels left.
You didn't know any spells.

Dungeon Overview and Level Annotations

Branches:
Dungeon (3/15)

Altars:
Cheibriados
Fedhas
Trog

Annotations:
D:3 Ijyb


Innate Abilities, Weirdness & Mutations

You cannot be hasted, slowed, berserked, paralysed or teleported.
You can dig through walls and to a lower floor.
Your four strong arms can wield two-handed weapons with a shield.
You have a pair of large antennae on your head. (SInv)


Message History

Unknown command.
You barely miss Ijyb.
Ijyb zaps a wand.
You struggle to resist.
You hit Ijyb but do no damage.
Ijyb zaps a wand.
You are blasted!
You block Ijyb's attack.
You barely miss Ijyb. You block Ijyb's attack.
You barely miss Ijyb.
Ijyb zaps a wand.
You struggle to resist.
Ijyb closely misses you.
You closely miss Ijyb.
Ijyb zaps a wand.
You are blasted!
* * * LOW HITPOINT WARNING * * *
You barely miss Ijyb. Ijyb barely misses you.
You slash Ijyb!
Ijyb is severely wounded.
You block Ijyb's attack. x2
You closely miss Ijyb.
Ijyb is severely wounded.
You block Ijyb's attack.
You closely miss Ijyb.
Ijyb is severely wounded.
Ijyb zaps a wand.
You are blasted!
You die...

#################
##...............#
#.....##########.#
#####._...# #.#
#........#......#
#.#
.#####.###.###.#
#.# #@## #.##. #<#
......g## #...#
#.# ##...## #..#
#.# #.. { #..# #.#
#.. #..# #.# #. ..
##..# #.# #
..###...####.#
.............#
........######


You could see Ijyb.

Vanquished Creatures
  Grinder (D:3)
  Sigmund (D:2)
  4 adders
  An ooze (D:2)
  3 worms
  A dart slug (D:1)
  3 orcs (D:3)
  A ball python (D:1)
  A giant cockroach (D:2)
  4 goblins (D:1)
  6 hobgoblins
  A quokka (D:2)
  7 bats
  A frilled lizard (D:2)
  7 kobolds
  7 rats
49 creatures vanquished.

Notes
Turn   | Place    | Note
-------+----------+-------------------------------------------
     0 | D:1      | MTVSty1e the Formicid Fighter began the quest for the Orb.
     0 | D:1      | Reached XP level 1. HP: 18/18 MP: 1/1
   288 | D:1      | Reached XP level 2. HP: 24/24 MP: 2/2
   951 | D:1      | Reached XP level 3. HP: 30/30 MP: 3/3
  1092 | D:1      | HP: 1/30 [poisoned by an adder]
  1543 | D:2      | Reached XP level 4. HP: 19/37 MP: 4/4
  1815 | D:2      | Noticed Sigmund
  1825 | D:2      | Killed Sigmund
  1825 | D:2      | Reached skill level 1 in Dodging
  1825 | D:2      | Reached XP level 5. HP: 40/43 MP: 5/5
  1825 | D:2      | Reached XP level 6. HP: 46/50 MP: 6/6
  2305 | D:3      | Reached skill level 5 in Fighting
  2346 | D:3      | Found a blossoming altar of Fedhas.
  2376 | D:3      | Found a bloodstained altar of Trog.
  2376 | D:3      | Noticed a moth of wrath
  2444 | D:3      | Noticed Grinder
  2472 | D:3      | Killed Grinder
  2472 | D:3      | Reached skill level 5 in Shields
  2472 | D:3      | Reached XP level 7. HP: 29/56 MP: 7/7
  2743 | D:3      | Found a snail-covered altar of Cheibriados.
  2759 | D:3      | Noticed Ijyb
  2773 | D:3      | Blown up by Ijyb

Vault maps used:
D:1:      saegor_arrival_simple_f
D:2:      uniq_sigmund
D:3:      nicolae_overflow_hidden_temple, lemuel_crystal_altar, tgw_trog,
          cheibriados_altar_1, uniq_ijyb, uniq_grinder

Skill      XL: |  1  2  3  4  5  6 |
---------------+-------------------+-----
Fighting       | 4 5 |  5.5
Shields        | 4 5 |  5.0
Axes           | 3 |  3.5
Armour         | 4 |  4.5
Dodging        | 1 2 |  2.1

Action                   |  1- 3 |  4- 6 |  7- 9 || total
-------------------------+-------+-------+-------++-------
Melee: War axe           |    90 |    77 |    22 ||   189
 Abil: Dig               |       |     1 |       ||     1
  Use: Scroll            |     1 |     4 |     1 ||     6
       Potion            |       |     2 |       ||     2
  Eat: Bread ration      |     1 |       |       ||     1
       Meat ration       |       |       |     1 ||     1
Armor: Scale mail        |    51 |    34 |     3 ||    88
Dodge: Dodged            |    37 |    32 |     6 ||    75
Block: Shield            |    60 |    50 |    10 ||   120
